 Seeded DCSS version 0.28-a0-1199-gef9e1dbd39 (webtiles) character file.

Game seed: 20211219 (custom seed)

48 a11behringer the Chopper (level 3, -4/33 HPs)
             Began as a Hill Orc Fighter on Dec 19, 2021.
             Slain by Sigmund (8 damage)
             ... on level 2 of the Dungeon.
             The game lasted 00:02:28 (650 turns).

a11behringer the Chopper (Hill Orc Fighter)          Turns: 650, Time: 00:02:29

Health: -4/33      AC:  6    Str: 20    XL:     3   Next: 72%
Magic:  3/3        EV:  9    Int:  8    God:
Gold:   93         SH:  4    Dex: 10    Spells: 2/2 levels left

rFire   . . .      SeeInvis .   a - +0 war axe
rCold   . . .      Faith    .   c - +0 buckler
rNeg    . . .      Spirit   .   b - +0 scale mail
rPois   .          Reflect  .   (no helmet)
rElec   .          Harm     .   (no cloak)
rCorr   .          Rampage  .   (no gloves)
Will    .....                   (no boots)
Stlth   ..........              (no amulet)
HPRegen 0.11/turn               (no ring)
MPRegen 0.08/turn               (no ring)

@: mighty
A: no striking features
a: no special abilities


You were on level 2 of the Dungeon.
You visited 1 branch of the dungeon, and saw 2 of its levels.

You collected 93 gold pieces.

Inventory:

Hand Weapons
 a - a +0 war axe (weapon)
 g - the +7 short sword of Ignis's Delight {vamp, rC+++ Will+++ Str-5 Dex-3}
   (You found it on level 1 of the Dungeon)

   It occasionally heals its wielder for a portion of the damage dealt when it
   wounds a living foe.
   Str:       It affects your strength (-5).
   Dex:       It affects your dexterity (-3).
   rC:        It renders you almost immune to cold.
   Will:      It greatly increases your willpower.
Missiles
 h - 21 arrows
Armour
 b - a +0 scale mail (worn)
 c - a +0 buckler (worn)
Potions
 e - a potion of curing {unknown}
 f - 2 potions of cancellation {unknown}


   Skills:
 + Level 3.9 Fighting
 * Level 4.1 Axes
 + Level 3.6 Armour
 + Level 3.7 Shields


You had 2 spell levels left.
You didn't know any spells.
Your spell library was empty.

Dungeon Overview and Level Annotations

Branches:
Dungeon (2/15)

Altars:

Annotations:
D:2 Sigmund


Message History

The adder bites you but does no damage.
You closely miss the adder.
The adder is moderately wounded.
The adder barely misses you. The adder bites you but does no damage.
You slash the adder!
You kill the adder!
Your Axes skill increases to level 4!
No target in view!
No target in view!
You see here an adder corpse.
A hobgoblin comes into view.
The hobgoblin shouts!
A hobgoblin is nearby!
Sigmund the Dreaded comes into view.
He is wielding a +4 vorpal scythe.
Sigmund shouts!
Sigmund casts a spell.
Sigmund flickers and vanishes!
Deactivating autopickup; reactivate with Ctrl-A.
Found a twisted glowing staff.
Found a stone staircase leading down.
The hobgoblin hits you but does no damage.
You hit the hobgoblin.
The hobgoblin is almost dead.
The hobgoblin barely misses you. Something hits you.
You slash the hobgoblin!
You kill the hobgoblin!
Something hits you.
No target in view!
No target in view!
No target in view!
You slash something! Something hits you.
Your scale mail prevents you from hitting something.
Something hits you.
You miss something. Something hits you.
* * * LOW HITPOINT WARNING * * *
x2 You miss something.
Something hits you.
* * * LOW HITPOINT WARNING * * *
x2 You closely miss something.
You feel very mighty all of a sudden. Something hits you!
You die...

#| ###.## # # #.....
###. .### ##..... ...#
#... ....... #..#..#
##.....##### #...#
#>....{....####.### .#
#......@....†..#..##.#
#..#.#####.####.#.##.#
........#.##.#
.....######.##.#
####### #.##.#
#.##.### #..)...#
#...<..# #......#


There were no monsters in sight!

Vanquished Creatures
  2 adders (D:2)
  2 dart slugs (D:1)
  3 ball pythons (D:1)
  3 bats (D:1)
  An endoplasm (D:1)
  3 goblins (D:1)
  3 hobgoblins
  A quokka (D:1)
  3 frilled lizards (D:1)
  4 kobolds
25 creatures vanquished.

Notes
Turn   | Place    | Note
-------+----------+-------------------------------------------
     0 | D:1      | a11behringer the Hill Orc Fighter began the quest for the
                  | Orb.
     0 | D:1      | Reached XP level 1. HP: 19/19 MP: 1/1
    30 | D:1      | Found a faded altar of an unknown god.
    39 | D:1      | Reached skill level 3 in Axes
    39 | D:1      | Reached XP level 2. HP: 26/27 MP: 2/2
    72 | D:1      | Identified the +7 short sword of Ignis's Delight {vamp,
                  | rC+++ Will+++ Str-5 Dex-3}
   426 | D:1      | Reached XP level 3. HP: 31/33 MP: 3/3
   637 | D:2      | Reached skill level 4 in Axes
   639 | D:2      | Noticed Sigmund
   650 | D:2      | Slain by Sigmund

Illustrated notes

Levels and vault maps discovered:
D:1:      tarquinn_simple_flora_water_f, layout_basic,
          hellmonk_ecumenical_altar_lost_god
D:2:      layout_loops_ring, kennysheep_generic_room_16, uniq_sigmund

Skill      XL: |  1  2  3 |
---------------+----------+-----
Axes           | 3 4 |  4.1
Fighting       | |  3.9
Armour         | |  3.6
Shields        | |  3.7

Action                   || total
-------------------------++-------
Melee: War axe           ||    69
  Use: Potion            ||     1
Armor: Scale mail        ||    45
Dodge: Dodged            ||    38
Block: Buckler           ||    16

Table legend: (Time is in decaauts)
 A = Elapsed time spent in this place.
 B = Non-inter-level travel time spent in this place.
 C = Inter-level travel time spent in this place.
 D = Time resting spent in this place.
 E = Time spent auto-exploring this place.
 F = Levels seen in this place.
 G = Mean time per level.
                   A        B        C        D        E       F      G
               +--------+--------+--------+--------+--------+-----+--------+
         Total |    672 |    643 |     29 |      0 |    478 |   2 |  336.0 |
       Dungeon |    672 |    643 |     29 |      0 |    478 |   2 |  336.0 |
               +--------+--------+--------+--------+--------+-----+--------+

Top non-repeatable levels by time:
     D:1: 629 daAuts
     D:2: 43 daAuts
